cohdb
Replays
Latest Replays
All Replays
Popular Replays
Top Player Replays
Match Explorer
How It Works
Community
CoH3 Stats
Reddit
Sign in to upload your games and track your stats! →
Sign in with Steam
Match 42400246
Unlisted
Match 42400246
Overview
Messages
Build Orders
End
Selects Advanced Infantry Battlegroup
Construct Barracks
Engineer Squad
1⁄4-ton 4x4 Truck
Riflemen Squad
Riflemen Squad
Grenade Package
Infantry Support Center
Construct Medical Station
Selects Convert to Ranger Squad
Convert to Ranger Squad
Construct Motor Pool
M1 Anti-tank Gun Team
Selects Designate Assault Position
M1 Mortar Team
M1 Mortar Team
Convert to Ranger Squad
Construct Tank Depot
Selects Ranger Weapon Training
Selects Ammunition Storage
M1 Anti-tank Gun Team
M1 Mortar Team
M4A1 Sherman Medium Tank
M1 Anti-tank Gun Team
Dahlian
Bish Bash Bosh
R.R.
NoLifeIsPower
0
0
Comments
sign in to comment!
No comments posted yet!